 Dungeon Crawl Stone Soup version 0.28.0-47-ge53b351184 (webtiles) character file.

Game seed: 13873270361906187294

1477 Peloso the Carver (level 8, 0/70 HPs)
             Began as a Minotaur Fighter on May 4, 2022.
             Killed from afar by a steam dragon (26 damage)
             ... with a ball of steam
             ... on level 6 of the Dungeon.
             The game lasted 00:12:29 (5026 turns).

Peloso the Carver (Minotaur Fighter)                Turns: 5026, Time: 00:12:30

Health: 0/70       AC:  7    Str: 22    XL:     8   Next: 49%
Magic:  7/7        EV: 10    Int:  5    God:
Gold:   359        SH:  5    Dex: 11    Spells: 7/7 levels left

rFire   . . .      SeeInvis .   a - +0 long sword (freeze)
rCold   + . .      Faith    .   c - +0 buckler
rNeg    . . .      Spirit   .   s - +0 scale mail
rPois   .          Reflect  .   (helmet restricted)
rElec   .          Harm     .   (no cloak)
rCorr   .          Rampage  .   (no gloves)
Will    .....                   (no boots)
Stlth   ..........              (no amulet)
HPRegen 0.21/turn               f - ring of protection from cold
MPRegen 0.10/turn               (no ring)

@: no status effects
A: horns 2, retaliatory headbutt
a: no special abilities


You were on level 6 of the Dungeon.
You visited 1 branch of the dungeon, and saw 6 of its levels.

You collected 359 gold pieces.

Inventory:

Hand Weapons
 a - a +0 long sword of freezing (weapon)
 b - a +3 short sword of flaming
Armour
 c - a +0 buckler (worn)
 s - a +0 scale mail (worn)
Jewellery
 f - a ring of protection from cold (left hand)
 u - a ring of see invisible
Wands
 k - a wand of acid (10)
 B - a wand of polymorph (5)
Scrolls
 e - a scroll of enchant weapon
 g - 2 scrolls of identify
 h - 2 scrolls of brand weapon
 j - a scroll of noise
 n - a scroll of torment {unknown}
 p - a scroll of teleportation {unknown}
 r - 2 scrolls of amnesia
 t - a scroll of holy word {unknown}
 w - a scroll of fog
 y - a scroll of magic mapping {unknown}
 A - a scroll of blinking {unknown}
Potions
 d - 2 potions of might
 i - 2 potions of curing
 l - a potion of haste {unknown}
 m - 2 potions of degeneration {unknown}
 o - a potion of heal wounds {unknown}
 q - a potion of cancellation {unknown}
 v - a potion of attraction {unknown}
 x - a potion of lignification {unknown}
 z - a potion of mutation {unknown}


   Skills:
 + Level 5.9 Fighting
 + Level 8.5 Long Blades
 + Level 7.1 Armour
 + Level 3.3 Dodging
 + Level 0.2 Stealth
 + Level 5.5 Shields


You had 7 spell levels left.
You didn't know any spells.
Your spell library contained the following spells:

 Spells                   Type           Power      Damage    Failure   Level
 Animate Skeleton         Necr           0%         N/A       85%         1
 Apportation              Tloc           0%         N/A       85%         1
 Pain                     Necr           0%         1d4       85%         1
 Summon Small Mammal      Summ           0%         N/A       85%         1
 Blink                    Tloc           0%         N/A       94%         2
 Dazzling Flash           Conj/Hex       0%         N/A       99%         3
 Ignite Poison            Fire/Tmut/Pois 0%         N/A       99%         3
 Lesser Beckoning         Tloc           0%         N/A       99%         3
 Mephitic Cloud           Conj/Pois/Air  0%         N/A       99%         3
 Tukima's Dance           Hex            0%         N/A       99%         3
 Vampiric Draining        Necr           0%         2d6       99%         3
 Passage of Golubria      Tloc           0%         N/A       100%        4
 Agony                    Necr           0%         N/A       100%        5
 Freezing Cloud           Conj/Ice/Air   0%         6-21      100%        5
 Manifold Assault         Tloc           0%         N/A       100%        5
 Silence                  Hex/Air        0%         N/A       100%        5
 Yara's Violent Unravell  Hex/Tmut       0%         3d3       100%        5


Dungeon Overview and Level Annotations

Branches:
Dungeon (6/15)
 Temple: D:4-7

Altars:
Ashenzari
Cheibriados
Fedhas
Gozag
Makhleb
Sif Muna
Wu Jian
Zin
The Shining One

Shops:
D:5 [?


Innate Abilities, Weirdness & Mutations

You have a pair of horns on your head.
You reflexively headbutt those who attack you in melee.


Message History

Things that are here:
a +0 whip; a +0 scale mail
Things that are here:
+0 steam dragon scales; a steam dragon corpse
Things that are here:
a +0 whip; a +0 scale mail
Okay, then.
Things that are here:
a +0 whip; a +0 ring mail; an orc corpse
Okay, then.
Things that are here:
a +0 whip; a +0 scale mail
Things that are here:
+0 steam dragon scales; a steam dragon corpse C - +0 steam dragon scales You drop +0 steam dragon scales.
A steam dragon comes into view.
Aiming: Corrosive Bolt
Press: ? - help, Shift-Dir - straight line, f - steam dragon
Aim: a steam dragon (71% to hit)
The bolt of acid hits the steam dragon!
The acid corrodes the steam dragon!
The steam dragon is heavily wounded.
The steam dragon breathes steam at you. The ball of steam hits you!
You are engulfed in a cloud of scalding steam.
You hit the steam dragon. You freeze the steam dragon.
The steam dragon is heavily wounded.
You are engulfed in a cloud of scalding steam.
You block the steam dragon's attack. x2
Unknown command.
You hit the steam dragon. You freeze the steam dragon.
The steam dragon is severely wounded.
You are engulfed in a cloud of scalding steam.
The steam dragon barely misses you. The steam dragon claws you.
Unknown command.
You barely miss the steam dragon.
The steam dragon is severely wounded.
The steam dragon breathes steam at you. The ball of steam hits you!!
You die...

#+##'###.....##..#
##........
#..#........##...#
##..(....
#..........##....#
##......
............##.....#
##.....
...#.......##..§...#
#.#...
....###......§§#...#
###...
..............)....###..
#..##
....!.......)...........
....
.##..........)[#@.#....
..... ..#.........#.D##
. .....
.........####...#
.......## ...... #..#..
....#.... .###.
..#..##... ..#..!. ...
..# .... ...


You could see a steam dragon (catching breath, corroded).

Vanquished Creatures
  A steam dragon (D:6)
  A water moccasin (D:6)
  An ice beast (D:5)
  2 sky beasts (D:6)
  2 necrophages
  A phantom (D:5)
  A scorpion (D:4)
  A crimson imp (D:3)
  A centaur zombie (D:6)
  2 orc priests (D:6)
  A jelly (D:5)
  A hound (D:5)
  Terence (D:2)
  Natasha (thrice) (D:2)
  3 iguanas (D:5)
  An orc wizard (D:6)
  A hound zombie (D:5)
  A hound skeleton (D:4)
  A howler monkey zombie (D:4)
  4 gnolls (D:3)
  A howler monkey skeleton (D:5)
  9 adders
  A shadow imp (D:6)
  A white imp (D:6)
  An adder zombie (D:5)
  3 worms
  2 dart slugs
  12 orcs
  8 endoplasms
  2 giant cockroaches (D:3)
  4 goblins
  10 hobgoblins
  4 jackals (D:2)
  6 kobolds
  3 quokkas (D:2)
  7 ball pythons
  2 bats
  2 frilled lizards
  A goblin skeleton (D:3)
  3 goblin zombies (D:3)
  A hobgoblin zombie (D:3)
  2 kobold skeletons (D:3)
  2 kobold zombies (D:3)
  An orc skeleton (D:3)
  An orc zombie (D:3)
  A quokka skeleton (D:4)
  5 rats
125 creatures vanquished.

Notes
Turn   | Place    | Note
-------+----------+-------------------------------------------
     0 | D:1      | Peloso the Minotaur Fighter began the quest for the Orb.
     0 | D:1      | Reached XP level 1. HP: 19/19 MP: 0/0
     0 | D:1      | Noticed a red draconian
     1 | D:1      | Noticed a shadow dragon
     5 | D:1      | Noticed an iron dragon
     6 | D:1      | Noticed a shadow dragon
     7 | D:1      | Noticed an iron dragon
     8 | D:1      | Noticed an orb of fire
    11 | D:1      | Noticed an orb of fire
    13 | D:1      | Noticed an iron dragon
    13 | D:1      | Noticed a large abomination
    15 | D:1      | Noticed an iron dragon
    15 | D:1      | Noticed an ice dragon
    17 | D:1      | Noticed an orb of fire
    17 | D:1      | Noticed a yellow draconian
    17 | D:1      | Noticed a large abomination
    19 | D:1      | Noticed an ice dragon
    19 | D:1      | Noticed a large abomination
    21 | D:1      | Noticed a shadow dragon
   366 | D:1      | Reached XP level 2. HP: 24/27 MP: 1/1
   533 | D:1      | Found a faded altar of an unknown god.
   631 | D:2      | Noticed Natasha
   637 | D:2      | Killed Natasha
   638 | D:2      | Reached XP level 3. HP: 33/33 MP: 2/2
   749 | D:2      | Noticed Natasha
   753 | D:2      | Killed Natasha
   754 | D:2      | Reached skill level 3 in Long Blades
   754 | D:2      | Reached XP level 4. HP: 31/40 MP: 3/3
   832 | D:2      | Noticed Terence
   846 | D:2      | Killed Terence
  1425 | D:2      | Noticed Natasha
  1431 | D:2      | Killed Natasha
  1432 | D:2      | Reached skill level 1 in Dodging
  1432 | D:2      | Reached XP level 5. HP: 39/47 MP: 4/4
  1677 | D:3      | Found a glowing silver altar of Zin.
  1847 | D:3      | Found a burning altar of Makhleb.
  1847 | D:3      | Noticed an Executioner
  1850 | D:3      | Noticed a ynoxinul
  1850 | D:3      | Noticed a smoke demon
  1952 | D:3      | Found a glowing golden altar of the Shining One.
  1966 | D:3      | Reached skill level 4 in Long Blades
  1966 | D:3      | Reached skill level 5 in Armour
  2068 | D:3      | Found a snail-covered altar of Cheibriados.
  2397 | D:3      | Reached XP level 6. HP: 51/53 MP: 5/5
  2871 | D:4      | Reached skill level 5 in Long Blades
  3407 | D:4      | Found an opulent altar of Gozag.
  3439 | D:4      | Reached skill level 5 in Shields
  3731 | D:5      | Entered Level 5 of the Dungeon
  3742 | D:5      | Reached XP level 7. HP: 58/60 MP: 6/6
  3808 | D:5      | Reached skill level 6 in Long Blades
  3875 | D:5      | Reached skill level 5 in Fighting
  3899 | D:5      | Found a blossoming altar of Fedhas.
  4005 | D:5      | Found a shimmering blue altar of Sif Muna.
  4100 | D:5      | Found Orghoteit's Magic Scroll Shop.
  4116 | D:5      | Found Xaed's Armour Emporium.
  4285 | D:6      | Reached skill level 7 in Long Blades
  4400 | D:5      | Reached XP level 8. HP: 62/69 MP: 7/7
  4557 | D:6      | Found a broken altar of Ashenzari.
  4615 | D:6      | Reached skill level 8 in Long Blades
  4756 | D:6      | Found an ornate altar of the Wu Jian Council.
  5026 | D:6      | Killed from afar by a steam dragon

Illustrated notes

Levels and vault maps discovered:
D:1:      shiori_arrival_whats_in_store_for_you, layout_basic,
          basic_ecumenical_altar, chequers_serial_rivers_micro_a
D:2:      layout_loops_cross, minmay_tetromino_o2, uniq_terence, uniq_natasha
D:3:      layout_loops_cross, makhleb_altar_promises_db,
          nicolae_tso_besieged_by_evil, mainiacjoe_overflow_boulevard,
          nicolae_overflow_crystal_walls, hangedman_decor_points,
          minmay_divided_ellipse
D:4:      layout_cave_pods, mainiacjoe_overflow_paths
D:5:      layout_basic, kennysheep_little_box, lemuel_coloured_pillars_altar,
          serial_shops, nicolae_stop_n_shop_2, nicolae_shop_behind_doors
D:6:      layout_cave_pools, mainiacjoe_overflow_24_doors,
          nicolae_ashenzari_panopticon, minmay_temple_entry_wispy

Skill      XL: |  1  2  3  4  5  6  7  8 |
---------------+-------------------------+-----
Shields        | 4 5 |  5.5
Armour         | 4 5 6 7 |  7.1
Fighting       | 4 5 |  5.9
Long Blades    | 3 4 5 7 8 |  8.5
Dodging        | 1 2 3 |  3.3
Stealth        | |  0.2

Action                   |  1- 3 |  4- 6 |  7- 9 || total
-------------------------+-------+-------+-------++-------
Melee: Long sword        |    37 |   180 |    92 ||   309
       Headbutt          |     4 |    25 |    12 ||    41
Evoke: Wand              |       |       |     1 ||     1
  Use: Scroll            |     3 |     3 |       ||     6
Armor: Scale mail        |    11 |    66 |    48 ||   125
Dodge: Dodged            |    17 |    73 |    48 ||   138
Block: Buckler           |     6 |    49 |    22 ||    77
